 Dungeon Crawl Stone Soup version 0.27.1-33-g824d729ab1 (webtiles) character file.

Game seed: 5535204171094845899

1 Sharkman1231 the Sneak (level 1, -1/18 HPs)
             Began as a Demonspawn Delver on Dec 18, 2021.
             Slain by a bullfrog (6 damage)
             ... on level 4 of the Dungeon.
             The game lasted 00:01:01 (64 turns).

Sharkman1231 the Sneak (Demonspawn Delver)            Turns: 64, Time: 00:01:02

Health: -1/18      AC:  3    Str: 12    XL:     1   Next: 16%
Magic:  1/1        EV: 11    Int: 11    God:
Gold:   0          SH:  0    Dex: 14    Spells: 0/0 levels left

rFire    + . .     SeeInvis .   a - +0 spear
rCold    + . .     Faith    .   (no shield)
rNeg     . . .     Spirit   .   b - +0 leather armour
rPois    +         Reflect  .   (no helmet)
rElec    +         Harm     .   (no cloak)
rCorr    +         Rampage  .   (no gloves)
Will     .....                  (no boots)
Stlth    +++.......             (no amulet)
HPRegen  0.06/turn              (no ring)
MPRegen  0.07/turn              (no ring)

@: mighty, resistant
A: no striking features
a: no special abilities


You were on level 4 of the Dungeon.
You visited 1 branch of the dungeon, and saw 2 of its levels.

Inventory:

Hand Weapons
 a - a +0 spear (weapon)
Armour
 b - a +0 leather armour (worn)
Wands
 g - a wand of digging (3)
Scrolls
 c - a scroll of fog
 d - a scroll of magic mapping
 e - a scroll of fear
 h - a scroll of enchant weapon {unknown}
Potions
 f - a potion of haste


   Skills:
 + Level 3.0 Fighting
 + Level 1.7 Polearms
 + Level 1.7 Dodging
 + Level 4.6 Stealth


You couldn't memorise any spells.
You didn't know any spells.
Your spell library contained the following spells:

 Spells                   Type           Power      Damage    Failure   Level
 Animate Skeleton         Necr           0%         N/A       41%         1
 Pain                     Necr           0%         1d4       41%         1
 Vampiric Draining        Necr           0%         2d6       80%         3


Dungeon Overview and Level Annotations

Branches:
Dungeon (5/15)
 Temple: D:4-7

Altars:

Annotations:
D:5 exclusion: 2 lemures


Message History

You hear the sound of rushing water.
There is an entrance to a sewer on this level.
Hurry and find it before the portal rusts away!
Found four items.
Found a stone staircase leading down.
There is a stone staircase leading down here.
Unknown command.
You pick up a book of Necromancy and begin reading...
You add the spells Pain, Animate Skeleton and Vampiric Draining to your library.
There is a stone staircase leading down here.
i - a fizzy silvery potion
j - a sedimented amethyst potion
There is a stone staircase leading down here.
A hobgoblin comes into view.
The hobgoblin shouts!
You hear a loud, deep croak!
A bullfrog comes into view.
The bullfrog moves out of view.
You reach to attack!
You hit the hobgoblin.
You kill the hobgoblin!
You reach to attack!
You hit the bullfrog.
The bullfrog is moderately wounded.
You hit the bullfrog.
The bullfrog is moderately wounded.
The bullfrog hits you. The bullfrog hits you!
You are too injured to fight recklessly!
Unknown command.
It was a potion of resistance.
You feel protected.
The bullfrog hits you but does no damage.
The bullfrog hits you.
* * * LOW HITPOINT WARNING * * *
It was a potion of might.
You feel very mighty all of a sudden. The bullfrog closely misses you.
You puncture the bullfrog!
The bullfrog is severely wounded.
The bullfrog closely misses you.
The bullfrog hits you but does no damage.
You closely miss the bullfrog.
The bullfrog is severely wounded.
The bullfrog hits you.
You die...

. ###........>...#
..##.............##
#...............##
##..............#
#..............##
#.....>....).##
##..........##
##.........#
##...@...##
###.F..## ##.###
#.. ##. .. .# .#


You could see a bullfrog.

Vanquished Creatures
  A hobgoblin (D:4)
1 creature vanquished.

Notes
Turn   | Place    | Note
-------+----------+-------------------------------------------
     0 | D:5      | Sharkman1231 the Demonspawn Delver began the quest for the
                  | Orb.
     0 | D:5      | Reached XP level 1. HP: 18/18 MP: 1/1
     9 | D:5      | Noticed a lemure
     9 | D:5      | Noticed a lemure
    57 | D:4      | Noticed a bullfrog
    64 | D:4      | Slain by a bullfrog

Illustrated notes

Levels and vault maps discovered:
D:4:      layout_cave_pods, minmay_temple_entry_poolview, gup_sewer_entry_glass
D:5:      layout_rooms, uniq_pikel

Action                   || total
-------------------------++-------
Melee: Spear             ||     5
  Use: Potion            ||     2
Armor: Leather armour    ||     2
Dodge: Dodged            ||     2
